AoeStats
← patjanko

Arabia

503670872Analyzed
2v2 RM · 29d ago on Sep 1, 2026· 48m 21s· 4 players
Game mode
Random Map
Map size
Medium (4 player)
Population
200
Speed
Normal
Resources
Standard
Victory
Conquest
Starting age
Dark Age
Ending age
Imperial Age
RankedLock teamsTeams togetherTeam positionsShared explorationLock speedFull tech treeHidden civsTurbo modeCheats
Victory
Defeat
🇺🇸 Burgundians · United States
861
+16
🇹🇷 Tatars · Türkiye
788
+19
🇩🇪 Teutons · Germany
856
-17
🇩🇪 Persians · Germany
854
-17
laQ
0:33 Loom
12:06 Feudal Age
17:21 Stone Mining
26:26 Castle Age
24:14 Double-Bit Axe
24:11 Horse Collar
25:04 Gold Mining
25:27 Arson
30:41 Bloodlines
31:22 Wheelbarrow
32:49 Bow Saw
33:44 Stone Shaft Mining
33:56 Hand Cart
36:04 Padded Archer Armor
36:04 Scale Mail Armor
39:09 Squires
38:31 Pikeman
39:17 Heavy Plow
40:41 Fortified Wall
43:43 Imperial Age
42:14 Leather Archer Armor
42:44 Heated Shot
43:10 Elite Skirmisher
44:27 Chain Mail Armor
44:23 Forging
44:19 Scale Barding Armor
44:06 Capped Ram
44:51 Halberdier
44:55 Elite Teutonic Knight
45:56 Conscription
47:05 Chemistry
patjanko
10:42 Feudal Age
13:24 Loom
15:45 Town Watch
19:39 Castle Age
18:09 Horse Collar
18:18 Double-Bit Axe
21:50 Heavy Plow
26:17 Wheelbarrow
25:54 Gold Mining
27:33 Pikeman
31:17 Bow Saw
31:00 Stone Mining
31:08 Gambesons
31:24 Squires
31:39 Bloodlines
31:30 Husbandry
33:53 Kamandaran
36:32 Imperial Age
34:49 Hand Cart
36:30 Devotion
38:08 Crossbowman
38:53 Thumb Ring
44:17 Conscription
45:37 Citadels
XxAn0nym0us7xX
10:02 Feudal Age
8:35 Double-Bit Axe
10:55 Horse Collar
11:28 Bow Saw
15:03 Loom
22:02 Castle Age
21:42 Forging
21:37 Scale Barding Armor
22:52 Cavalier
23:32 Husbandry
24:48 Iron Casting
24:57 Gold Mining
24:57 Stone Mining
27:35 Gold Shaft Mining
27:35 Stone Shaft Mining
27:03 Heavy Plow
29:22 Wheelbarrow
28:33 Town Watch
28:54 Pikeman
32:28 Two-Man Saw
33:25 Burgundian Vineyards
33:38 Redemption
33:50 Ballistics
33:26 Murder Holes
39:38 Imperial Age
37:31 Chain Barding Armor
42:04 Chemistry
40:38 Elite Coustillier
43:30 Halberdier
44:10 Squires
43:56 Arson
Alaz
10:04 Feudal Age
10:34 Double-Bit Axe
15:32 Horse Collar
16:26 Fletching
16:36 Padded Archer Armor
22:43 Castle Age
23:19 Bodkin Arrow
23:39 Leather Archer Armor
24:23 Bow Saw
24:17 Heavy Plow
25:13 Gold Mining
25:16 Stone Mining
26:55 Ballistics
27:42 Gold Shaft Mining
28:11 Wheelbarrow
29:56 Town Watch
34:52 Imperial Age
33:00 Hand Cart
32:46 Town Patrol
35:01 Heavy Cavalry Archer
35:43 Bracer
36:13 Ring Archer Armor
37:43 Chemistry
37:16 Crop Rotation
38:04 Siege Engineers
38:21 Silk Armor
39:49 Timurid Siegecraft
46:49 Forging
46:44 Scale Barding Armor
46:03 Elite Keshik
48:16 Iron Casting
Connection lost

Rejoining the realm…

Still unreachable

The connection could not be restored.

Session expired

The server has moved on; the page needs a fresh start.